 Dungeon Crawl Stone Soup version 0.22-a0-271-gc000056 (webtiles) character file.

2041 tidbits the Insei (level 9, 67/67 HPs)
             Began as a Gnoll Transmuter on Mar 11, 2018.
             Quit the game on level 6 of the Dungeon.
             The game lasted 00:16:05 (1809 turns).

tidbits the Insei (Gnoll Transmuter)                Turns: 1809, Time: 00:16:06

Health: 67/67      AC:  6    Str: 13    XL:     9   Next: 24%
Magic:  18/18      EV: 16    Int: 16    God:
Gold:   286        SH:  0    Dex: 15    Spells: 4/20 levels left

rFire    . . .     SeeInvis .     - Unarmed
rCold    . . .     Gourm    .   (no shield)
rNeg     . . .     Faith    .   b - +0 robe
rPois    .         Spirit   .   (no helmet)
rElec    .         Reflect  .   (no cloak)
rCorr    .         Harm     .   (no gloves)
MR       .....                  (no boots)
Stlth    +++.......             (no amulet)
HPRegen  0.21/turn              U - +4 ring of protection
MPRegen  0.16/turn              x - -3 ring of intelligence (curse)

@: no status effects
A: distributed training, fangs 1, strong nose
a: no special abilities


You were on level 6 of the Dungeon.
You were not hungry.

You visited 1 branch of the dungeon, and saw 8 of its levels.

You collected 286 gold pieces.

Inventory:

Hand Weapons
 u - a +1 dagger
 z - a cursed -3 shortbow
Missiles
 a - 44 arrows
 p - 19 stones (quivered)
Armour
 b - a +0 robe (worn)
 q - a +2 ring mail of magic resistance
   (You took it off an orc on level 5 of the Dungeon)
 y - a +0 helmet
Jewellery
 x - a cursed -3 ring of intelligence (right hand)
   (You found it on level 6 of the Dungeon)
 U - a +4 ring of protection (left hand)
   (You found it on level 6 of the Dungeon)
Wands
 h - a wand of scattershot (4)
 o - a wand of enslavement (14)
 s - a wand of flame (34)
 t - a wand of iceblast (4)
Scrolls
 d - a scroll of enchant weapon
 r - a scroll of enchant armour {unknown}
Potions
 e - a potion of agility {unknown}
 f - a potion of degeneration {unknown}
 g - a potion of mutation {unknown}
 i - a potion of resistance {unknown}
 j - a potion of heal wounds
 k - 2 potions of might
 l - a potion of ambrosia
 m - a potion of curing
 n - a potion of lignification
 v - a potion of berserk rage {unknown}
 w - a potion of invisibility
Comestibles
 c - 4 rations


   Skills:
 + Level 4.8 Fighting
 + Level 4.0 Short Blades
 + Level 4.0 Long Blades
 + Level 4.0 Axes
 + Level 4.0 Maces & Flails
 + Level 4.0 Polearms
 + Level 4.0 Staves
 + Level 4.0 Slings
 + Level 4.0 Bows
 + Level 4.0 Crossbows
 + Level 4.0 Throwing
 + Level 4.0 Armour
 + Level 6.1 Dodging
 + Level 4.0 Stealth
 + Level 4.0 Shields
 + Level 7.7 Unarmed Combat
 + Level 6.4 Spellcasting
 + Level 3.2 Conjurations
 + Level 3.2 Hexes
 + Level 3.2 Charms
 + Level 3.2 Summonings
 + Level 3.2 Necromancy
 + Level 3.2 Translocations
 + Level 5.1 Transmutations
 + Level 3.2 Fire Magic
 + Level 3.2 Ice Magic
 + Level 3.2 Air Magic
 + Level 3.2 Earth Magic
 + Level 3.2 Poison Magic
 + Level 4.4 Invocations
 + Level 4.0 Evocations


You had 4 spell levels left.
You knew the following spells:

 Your Spells              Type           Power        Failure   Level  Hunger
e - Beastly Appendage     Tmut           ###...       1%          1    None
h - Blade Hands           Tmut           ###.......   41%         5    #####..
i - Ice Form              Ice/Tmut       ###.....     22%         4    ####...
k - Sticks to Snakes      Tmut           ###.....     2%          2    None
p - Spider Form           Tmut/Pois      ###.......   7%          3    ##.....
A - Apportation           Tloc           ###...       3%          1    None


Dungeon Overview and Level Annotations

Branches:
Dungeon (8/15)
 Temple: D:4-7         Lair: D:8-11

Altars:
Dithmenos
Elyvilon
Makhleb
Nemelex Xobeh
Vehumet
The Shining One

Annotations:
D:6 exclusion: statue


Innate Abilities, Weirdness & Mutations

Your experience applies equally to all skills.
You have very sharp teeth.
Your uncanny sense of smell can sniff out nearby items.


Message History

Found a scroll of magic mapping.
An adder skeleton comes into view.
You see here a scroll of magic mapping.
As you read the scroll of magic mapping, it crumbles to dust.
You feel aware of your surroundings.
You sensed 1 altar.
The phantom hits your adder!
Your adder bites the phantom.
Unknown command.
Unknown command.
Unknown command.
Unknown command.
Unknown command.
Your transformation has ended.
Your +0 robe unmelds from your body.
Your adder closely misses the phantom.
Your adder misses the phantom.
Your adder closely misses the phantom.
Casting: Sticks to Snakes (safe; 2% risk of failure)
Confirm with . or Enter, or press ? or * to list all spells.
You turn into a venomous arachnid creature.
Your +0 robe melds into your body.
You bite the phantom!
The phantom is heavily damaged.
The phantom closely misses you.
Your adder barely misses the phantom.
You hit the phantom.
The phantom is heavily damaged.
Your adder bites the phantom but does no damage.
The phantom hits your adder.
Your adder dies!
You hit the phantom.
The phantom is heavily damaged.
The phantom misses you.
You bite the phantom!
The phantom is severely damaged.
You bite the phantom!
You destroy the phantom!
Your Short Blades skill increases to level 4!
Your Long Blades skill increases to level 4!
Your Axes skill increases to level 4!
Your Maces & Flails skill increases to level 4!
Your Polearms skill increases to level 4!
Your Staves skill increases to level 4!
Your Slings skill increases to level 4!
Your Bows skill increases to level 4!
Your Crossbows skill increases to level 4!
Your Throwing skill increases to level 4!
Your Armour skill increases to level 4!
Your Stealth skill increases to level 4!
Your Shields skill increases to level 4!
Your Evocations skill increases to level 4!
Casting: Spider Form (safe; 19% risk of failure)
Confirm with . or Enter, or press ? or * to list all spells.
You create a snake!
You now have 44 arrows.
You hit the adder skeleton but do no damage.
The adder skeleton completely misses you.
Your ball python barely misses the adder skeleton.
Your ball python grabs the adder skeleton.
Your ball python constricts the adder skeleton.
You bite the adder skeleton!
The adder skeleton is almost destroyed.
Your ball python bites the adder skeleton.
Your ball python constricts the adder skeleton.
The adder skeleton is destroyed!
Found a leather armour and 14 gold pieces.
Your transformation is almost over.
You see here 14 gold pieces.
You now have 286 gold pieces (gained 14).
Found a stone staircase leading down.
An orc comes into view.
Your transformation has ended.
Your +0 robe unmelds from your body.
There is a stone staircase leading down here.
You climb downwards.
Your summoned ally is left behind.
Level annotation: exclusion: statue
There is a stone staircase leading up here.
Unknown command.
There is an open door here.
HP restored.
There is an open door here.
There is a stone staircase leading down here.
You climb downwards.
There is a stone staircase leading up here.
Unknown command.
There is a stone staircase leading up here.
A worker ant comes into view.
An orc and an orc priest come into view.
There is a stone staircase leading up here.
You climb upwards.
Level annotation: exclusion: statue
There is a stone staircase leading down here.
Unknown command.
You found a teleport trap!
You see here a spear.
Things that are here:
a robe; a dagger; a robe You see here a flail.
Things that are here:
a robe; a dagger You open the door.
There is an open door here.
There is an open door here.
There is an open door here.
Are you sure you want to abandon this character and quit the game? (Confirm with "yes".)

### #.#
####.############
#...............###
#.##..#...........#
........#######..##
...###..#######..#
..##.##.##.......#
..#...#....#####@#
####.####........#
#..#'#..##.#######
._.'.')..#.#
#.##.##.##.#
###.#.###..#
....#......#
##.###..#..#
........#..#


There were no monsters in sight!

Vanquished Creatures
  Pikel (D:6)
  A water moccasin (D:6)
  2 phantoms
  An ice beast (D:5)
  2 slaves (D:6)
  A necrophage (D:5)
  3 ogres
  A centaur (D:7)
  A bullfrog (D:6)
  3 scorpions (D:6)
  A howler monkey (D:4)
  2 crimson imps
  A jelly (D:5)
  A hound (D:4)
  A centaur skeleton (D:4)
  A bullfrog skeleton (D:5)
  An iguana (D:6)
  7 orc wizards
  4 worker ants
  A hound skeleton (D:4)
  A worker ant zombie (D:5)
  2 adders
  An ooze (D:6)
  An adder skeleton (D:4)
  2 worms
  2 leopard geckos (D:7)
  10 orcs
  A goblin (D:3)
  A hobgoblin (D:3)
  4 jackals (D:6)
  4 quokkas
  A frilled lizard (D:5)
  A rat (D:2)
67 creatures vanquished.

Vanquished Creatures (collateral kills)
  A centaur (D:6)
  An adder (D:4)
  An adder skeleton (D:5)
  An orc (D:5)
4 creatures vanquished.

Vanquished Creatures (others)
  A statue (D:6)
1 creature vanquished.

Grand Total: 72 creatures vanquished

Notes
Turn   | Place    | Note
-------+----------+-------------------------------------------
     0 | D:1      | tidbits the Gnoll Transmuter began the quest for the Orb.
     0 | D:1      | Reached XP level 1. HP: 17/17 MP: 6/6
   177 | D:4      | Noticed a howler monkey
   190 | D:4      | Killed a howler monkey
   190 | D:4      | Reached skill level 5 in Spellcasting
   190 | D:4      | Reached skill level 1 in Invocations
   190 | D:4      | Reached XP level 2. HP: 11/23 MP: 8/8
   190 | D:4      | Reached XP level 3. HP: 14/28 MP: 9/9
   194 | D:4      | Learned a level 2 spell: Sticks to Snakes
   198 | D:4      | Learned a level 3 spell: Spider Form
   204 | D:4      | Reached skill level 1 in Short Blades
   204 | D:4      | Reached skill level 1 in Long Blades
   204 | D:4      | Reached skill level 1 in Axes
   204 | D:4      | Reached skill level 1 in Maces & Flails
   204 | D:4      | Reached skill level 1 in Polearms
   204 | D:4      | Reached skill level 1 in Staves
   204 | D:4      | Reached skill level 1 in Slings
   204 | D:4      | Reached skill level 1 in Bows
   204 | D:4      | Reached skill level 1 in Crossbows
   204 | D:4      | Reached skill level 1 in Throwing
   204 | D:4      | Reached skill level 1 in Armour
   204 | D:4      | Reached skill level 1 in Stealth
   204 | D:4      | Reached skill level 1 in Shields
   204 | D:4      | Reached skill level 1 in Evocations
   204 | D:4      | Reached XP level 4. HP: 18/34 MP: 4/11
   211 | D:4      | Found a shadowy altar of Dithmenos.
   255 | D:4      | Reached skill level 1 in Conjurations
   255 | D:4      | Reached skill level 1 in Hexes
   255 | D:4      | Reached skill level 1 in Charms
   255 | D:4      | Reached skill level 1 in Summonings
   255 | D:4      | Reached skill level 1 in Necromancy
   255 | D:4      | Reached skill level 1 in Translocations
   255 | D:4      | Reached skill level 1 in Fire Magic
   255 | D:4      | Reached skill level 1 in Ice Magic
   255 | D:4      | Reached skill level 1 in Air Magic
   255 | D:4      | Reached skill level 1 in Earth Magic
   255 | D:4      | Reached skill level 1 in Poison Magic
   255 | D:4      | Reached XP level 5. HP: 20/40 MP: 2/12
   257 | D:5      | Entered Level 5 of the Dungeon
   408 | D:4      | Reached skill level 3 in Fighting
   412 | D:4      | Reached skill level 4 in Transmutations
   489 | D:4      | Reached XP level 6. HP: 47/47 MP: 8/13
   505 | D:5      | Reached skill level 2 in Invocations
   595 | D:5      | Reached skill level 5 in Dodging
   600 | D:5      | Found a transporter.
   607 | D:5      | Found a transporter.
   607 | D:5      | Noticed an ice beast
   621 | D:5      | Noticed a necrophage
   631 | D:5      | Killed a necrophage
   631 | D:5      | Reached skill level 2 in Short Blades
   631 | D:5      | Reached skill level 2 in Long Blades
   631 | D:5      | Reached skill level 2 in Axes
   631 | D:5      | Reached skill level 2 in Maces & Flails
   631 | D:5      | Reached skill level 2 in Polearms
   631 | D:5      | Reached skill level 2 in Staves
   631 | D:5      | Reached skill level 2 in Slings
   631 | D:5      | Reached skill level 2 in Bows
   631 | D:5      | Reached skill level 2 in Crossbows
   631 | D:5      | Reached skill level 2 in Throwing
   631 | D:5      | Reached skill level 2 in Armour
   631 | D:5      | Reached skill level 2 in Stealth
   631 | D:5      | Reached skill level 2 in Shields
   631 | D:5      | Reached skill level 2 in Evocations
   674 | D:5      | Found a burning altar of Makhleb.
   682 | D:5      | Found a glowing golden altar of the Shining One.
   700 | D:5      | Learned a level 4 spell: Ice Form
   709 | D:5      | Killed an ice beast
   709 | D:5      | Reached XP level 7. HP: 52/52 MP: 3/15
   712 | D:5      | Reached skill level 7 in Unarmed Combat
   780 | D:6      | Reached skill level 2 in Conjurations
   780 | D:6      | Reached skill level 2 in Hexes
   780 | D:6      | Reached skill level 2 in Charms
   780 | D:6      | Reached skill level 2 in Summonings
   780 | D:6      | Reached skill level 2 in Necromancy
   780 | D:6      | Reached skill level 2 in Translocations
   780 | D:6      | Reached skill level 2 in Fire Magic
   780 | D:6      | Reached skill level 2 in Ice Magic
   780 | D:6      | Reached skill level 2 in Air Magic
   780 | D:6      | Reached skill level 2 in Earth Magic
   780 | D:6      | Reached skill level 2 in Poison Magic
   845 | D:6      | Found a radiant altar of Vehumet.
   867 | D:6      | Found a sparkling altar of Nemelex Xobeh.
   877 | D:6      | Reached skill level 3 in Invocations
   946 | D:6      | Reached XP level 8. HP: 35/60 MP: 8/16
   980 | D:6      | Reached skill level 4 in Fighting
   980 | D:6      | Reached skill level 3 in Short Blades
   980 | D:6      | Reached skill level 3 in Long Blades
   980 | D:6      | Reached skill level 3 in Axes
   980 | D:6      | Reached skill level 3 in Maces & Flails
   980 | D:6      | Reached skill level 3 in Polearms
   980 | D:6      | Reached skill level 3 in Staves
   980 | D:6      | Reached skill level 3 in Slings
   980 | D:6      | Reached skill level 3 in Bows
   980 | D:6      | Reached skill level 3 in Crossbows
   980 | D:6      | Reached skill level 3 in Throwing
   980 | D:6      | Reached skill level 3 in Armour
   980 | D:6      | Reached skill level 3 in Stealth
   980 | D:6      | Reached skill level 3 in Shields
   980 | D:6      | Reached skill level 3 in Evocations
  1030 | D:5      | Reached skill level 6 in Spellcasting
  1083 | D:6      | Learned a level 1 spell: Apportation
  1089 | D:6      | Learned a level 5 spell: Blade Hands
  1292 | D:6      | Noticed Pikel
  1314 | D:6      | Killed Pikel
  1314 | D:6      | Reached skill level 6 in Dodging
  1314 | D:6      | Reached skill level 3 in Conjurations
  1314 | D:6      | Reached skill level 3 in Hexes
  1314 | D:6      | Reached skill level 3 in Charms
  1314 | D:6      | Reached skill level 3 in Summonings
  1314 | D:6      | Reached skill level 3 in Necromancy
  1314 | D:6      | Reached skill level 3 in Translocations
  1314 | D:6      | Reached skill level 5 in Transmutations
  1314 | D:6      | Reached skill level 3 in Fire Magic
  1314 | D:6      | Reached skill level 3 in Ice Magic
  1314 | D:6      | Reached skill level 3 in Air Magic
  1314 | D:6      | Reached skill level 3 in Earth Magic
  1314 | D:6      | Reached skill level 3 in Poison Magic
  1314 | D:6      | Reached skill level 4 in Invocations
  1314 | D:6      | Reached XP level 9. HP: 34/66 MP: 14/18
  1519 | D:5      | Found a white marble altar of Elyvilon.
  1566 | D:5      | Reached skill level 4 in Short Blades
  1566 | D:5      | Reached skill level 4 in Long Blades
  1566 | D:5      | Reached skill level 4 in Axes
  1566 | D:5      | Reached skill level 4 in Maces & Flails
  1566 | D:5      | Reached skill level 4 in Polearms
  1566 | D:5      | Reached skill level 4 in Staves
  1566 | D:5      | Reached skill level 4 in Slings
  1566 | D:5      | Reached skill level 4 in Bows
  1566 | D:5      | Reached skill level 4 in Crossbows
  1566 | D:5      | Reached skill level 4 in Throwing
  1566 | D:5      | Reached skill level 4 in Armour
  1566 | D:5      | Reached skill level 4 in Stealth
  1566 | D:5      | Reached skill level 4 in Shields
  1566 | D:5      | Reached skill level 4 in Evocations
  1809 | D:6      | Quit the game

Vault maps used:
D:1:      shiori_arrival_maze, minmay_pentomino_r4
D:2:      item_on_display_a
D:3:      first_ration
D:4:      nicolae_dithmenos_shadow_blocks
D:5:      kennysheep_mini, nemelex_xobeh_ov_fountains_minmay,
          gammafunk_temple_overflow_arena
D:6:      vehumet_statue, temple_statues, nemelex_dance_club_becter, uniq_pikel
D:7:      serial_shops, shop
D:8:      nicolae_qazlal_style_of_elements

Skill      XL: |  1  2  3  4  5  6  7  8  9 |
---------------+----------------------------+-----
Spellcasting   | 5 6 |  6.4
Invocations    | 1 2 3 4 |  4.4
Short Blades   | 1 2 3 4 |  4.0
Long Blades    | 1 2 3 4 |  4.0
Axes           | 1 2 3 4 |  4.0
Maces & Flails | 1 2 3 4 |  4.0
Polearms       | 1 2 3 4 |  4.0
Staves         | 1 2 3 4 |  4.0
Slings         | 1 2 3 4 |  4.0
Bows           | 1 2 3 4 |  4.0
Crossbows      | 1 2 3 4 |  4.0
Throwing       | 1 2 3 4 |  4.0
Armour         | 1 2 3 4 |  4.0
Stealth        | 1 2 3 4 |  4.0
Shields        | 1 2 3 4 |  4.0
Evocations     | 1 2 3 4 |  4.0
Conjurations   | 1 2 3 |  3.2
Hexes          | 1 2 3 |  3.2
Charms         | 1 2 3 |  3.2
Summonings     | 1 2 3 |  3.2
Necromancy     | 1 2 3 |  3.2
Translocations | 1 2 3 |  3.2
Fire Magic     | 1 2 3 |  3.2
Ice Magic      | 1 2 3 |  3.2
Air Magic      | 1 2 3 |  3.2
Earth Magic    | 1 2 3 |  3.2
Poison Magic   | 1 2 3 |  3.2
Fighting       | 3 4 |  4.8
Transmutations | 4 5 |  5.1
Dodging        | 5 6 |  6.1
Unarmed Combat | 7 |  7.7

Action                   |  1- 3 |  4- 6 |  7- 9 || total
-------------------------+-------+-------+-------++-------
Melee: Unarmed           |    15 |    69 |   123 ||   207
       Kick              |     1 |       |       ||     1
       Punch             |       |       |     1 ||     1
 Cast: Beastly Appendage |     4 |       |     1 ||     5
       Spider Form       |     1 |    12 |    11 ||    24
       Sticks to Snakes  |     1 |     7 |    11 ||    19
       Ice Form          |       |     1 |     1 ||     2
  Use: Scroll            |       |     3 |     9 ||    12
       Potion            |       |       |     3 ||     3
 Stab: Invisible         |       |       |     3 ||     3
       Sleeping          |       |       |     1 ||     1
  Eat: Chunk             |       |       |     2 ||     2
       Ration            |       |       |     1 ||     1
Armor: Skin              |       |     5 |     8 ||    13
Dodge: Dodged            |    13 |    61 |    85 ||   159

Table legend:
 A = Spawn XP
 B = Non-spawn XP
 C = Spawn XP percentage of total XP
 D = Spawn monster count
 E = Non-spawn monster count
 F = Spawn count percentage of total count
 G = Total turns spent on level
                    A         B        C        D         E        F      G
               +---------+---------+-------+---------+---------+-------+---------
         Total |       0 |    2916 |   0.0 |       0 |      69 |   0.0 |  1809
               +---------+---------+-------+---------+---------+-------+---------
           D:2 |       0 |       1 |   0.0 |       0 |       1 |   0.0 |    64
           D:3 |       0 |       4 |   0.0 |       0 |       2 |   0.0 |    93
           D:4 |       0 |     315 |   0.0 |       0 |      15 |   0.0 |   261
           D:5 |       0 |     789 |   0.0 |       0 |      24 |   0.0 |   417
           D:6 |       0 |    1570 |   0.0 |       0 |      22 |   0.0 |   755
           D:7 |       0 |     237 |   0.0 |       0 |       5 |   0.0 |   142
               +---------+---------+-------+---------+---------+-------+---------

Table legend:
 A = Turns spent in this place as a percentage of turns spent in the entire game.
 B = Non-inter-level travel turns spent in this place as a percentage of non-inter-level travel turns spent in the entire game.
 C = Inter-level travel turns spent in this place as a percentage of turns spent in this place.
 D = Turns resting spent in this place as a percentage of non-inter-level travel turns spent in this place.
 E = Turns spent auto-exploring this place as a percentage of non-inter-level travel turns spent in this place.
 F = Non-inter-level travel turns spent in this place divided by the number of levels of this place that you've seen.
                   A       B       C       D       E      F
               +-------+-------+-------+-------+-------+----------------------
         Total | 100.0 | 100.0 |   6.1 |   0.0 |   0.0 | 212.2
       Dungeon | 100.0 | 100.0 |   6.1 |   0.0 |   0.0 | 212.2
               +-------+-------+-------+-------+-------+----------------------

Table legend:
 A = Kills in this place as a percentage of kills in entire the game.
 B = Kills by you in this place as a percentage of kills by you in the entire game.
 C = Kills by friends in this place as a percentage of kills by friends in the entire game.
 D = Other kills in this place as a percentage of other kills in the entire game.
 E = Experience gained in this place as a percentage of experience gained in the entire game.
 F = Experience gained in this place divided by the number of levels of this place that you have seen.
                   A       B       C       D       E      F
               +-------+-------+-------+-------+-------+----------------------
         Total | 100.0 | 100.0 | 100.0 |   N/A | 100.0 | 364.5
       Dungeon | 100.0 | 100.0 | 100.0 |   N/A | 100.0 | 364.5
               +-------+-------+-------+-------+-------+----------------------

Vault maps used:
D:1:      shiori_arrival_maze, minmay_pentomino_r4
D:2:      item_on_display_a
D:3:      first_ration
D:4:      nicolae_dithmenos_shadow_blocks
D:5:      kennysheep_mini, nemelex_xobeh_ov_fountains_minmay,
          gammafunk_temple_overflow_arena
D:6:      vehumet_statue, temple_statues, nemelex_dance_club_becter, uniq_pikel
D:7:      serial_shops, shop
D:8:      nicolae_qazlal_style_of_elements
